 Dungeon Crawl Stone Soup version 0.20-a0-754-g13ddd6e (webtiles) character file.

9986 Gorglomux the Severer (level 11, -8/110 HPs)
             Began as a Hill Orc Berserker on Feb 25, 2017.
             Was an Elder of Trog.
             Killed from afar by a fire dragon (52 damage)
             ... with a blast of flame
             ... on level 10 of the Dungeon.
             The game lasted 00:16:24 (9217 turns).

Gorglomux the Severer (Hill Orc Berserker)          Turns: 9217, Time: 00:16:25

Health: -8/110     AC: 14    Str: 27    XL:     11   Next: 55%
Magic:  11/11      EV: 11    Int:  7    God:    Trog [****..]
Gold:   775        SH:  0    Dex: 22    Spells: 10/10 levels left

rFire    . . .     SeeInvis .   F - +4 battleaxe of Liberalism {god gift, freeze, Dex+4}
rCold    . . .     Gourm    .   Y - +6 scale mail of Noxkel {*Contam Str+3 Dex+8}
rNeg     . . .     Faith    .   (shield currently unavailable)
rPois    +         Spirit   .   (no helmet)
rElec    .         Reflect  .   i - +0 cloak
rCorr    .         Harm     .   E - +0 pair of gloves
MR       .....                  (no boots)
Stlth    ..........             r - amulet of regeneration
Regen    0.7/turn               (no ring)
MPRegen  0.2/turn               o - ring of poison resistance

@: lethally poisoned (-8 -> -9)
A: no striking features
a: Berserk, Trog's Hand, Brothers in Arms, Burn Spellbooks, Renounce Religion


You were on level 10 of the Dungeon.
You worshipped Trog.
Trog was greatly pleased with you.
You were not hungry.

You visited 1 branch of the dungeon, and saw 10 of its levels.

You collected 775 gold pieces.

Inventory:

Hand Weapons
 q - a +0 blowgun
 F - the +4 battleaxe of Liberalism (weapon) {god gift, freeze, Dex+4}
   (Trog gifted it to you on level 8 of the Dungeon)

   It has been specially enchanted to freeze those struck by it, causing extra
   injury to most foes and up to half again as much damage against particularly
   susceptible opponents.
   It can also slow down cold-blooded creatures.
   It affects your dexterity (+4).
Missiles
 I - 18 poisoned needles
 K - 8 needles of confusion
 L - 10 javelins (quivered)
 Z - 3 throwing nets
Armour
 i - a +0 cloak (worn)
 E - a +0 pair of gloves (worn)
 Y - the +6 scale mail of Noxkel (worn) {*Contam Str+3 Dex+8}
   (You found it on level 8 of the Dungeon)

   It affects your strength (+3).
   It affects your dexterity (+8).
   It causes magical contamination when unequipped.
Jewellery
 c - an uncursed ring of protection from cold
 d - a +4 ring of evasion
 g - an uncursed ring of resist corrosion
 o - a ring of poison resistance (left hand)
 r - an amulet of regeneration (around neck)
Scrolls
 l - a scroll of enchant weapon
 p - 3 scrolls of fog
 s - 11 scrolls of remove curse
 u - a scroll of noise
 x - a scroll of enchant armour
 y - 3 scrolls of recharging
 z - 2 scrolls of immolation
 M - 2 scrolls of magic mapping
 Q - a scroll of fear {unknown}
 R - 3 scrolls of identify
 T - 6 scrolls of teleportation
Potions
 f - 2 potions of brilliance {unknown}
 h - 2 potions of flight
 j - a potion of resistance {unknown}
 k - 3 potions of degeneration {unknown}
 m - 3 potions of might
 n - a potion of agility
 v - 3 potions of lignification
 B - a potion of magic
 H - 2 potions of invisibility
 O - a potion of heal wounds
 S - a potion of cancellation {unknown}
 U - 5 potions of curing
 V - a potion of mutation {unknown}
Books
 w - a book of Flames

   Spells                             Type                      Level
   a - Flame Tongue                   Conjuration/Fire             1
   b - Throw Flame                    Conjuration/Fire             2
   c - Conjure Flame                  Conjuration/Fire             3
   d - Inner Flame                    Hexes/Fire                   3
   e - Sticky Flame                   Conjuration/Fire             4
   f - Fireball                       Conjuration/Fire             5
   Trog disapproves of the use of such an item.
 P - a book of Frost

   Spells                             Type                      Level
   a - Freeze                         Ice                          1
   b - Throw Frost                    Conjuration/Ice              2
   c - Ozocubu's Armour               Charms/Ice                   3
   d - Throw Icicle                   Conjuration/Ice              4
   e - Summon Ice Beast               Ice/Summoning                4
   Trog disapproves of the use of such an item.
Miscellaneous
 W - a sack of spiders
Comestibles
 A - 8 royal jellies
 D - 2 chunks of flesh
 G - 11 fruits
 N - 6 bread rations
 X - 5 meat rations


   Skills:
 + Level 14.0 Fighting
 - Level 16.5 Axes
 - Level 2.1 Armour
 - Level 1.5 Dodging


You had 10 spell levels left.
You didn't know any spells.

Dungeon Overview and Level Annotations

Branches:
Dungeon (10/15)            Temple (0/1) D:4
   Lair: D:8-11         Orc: D:9-12

Altars:
Ashenzari
Dithmenos
Elyvilon
Gozag
Hepliaklqana
Kikubaaqudgha
Makhleb
Nemelex Xobeh
Okawaru
Qazlal
Ru
Sif Muna
Uskayaw
Vehumet
Wu Jian
Zin
The Shining One

Shops:
D:6 (=


Message History

You feel sick.
Drop what? 50/52 slots (_ for help) (? for menu, Esc to quit)
You drop a +0 ring mail.
You drop a +2 war axe of venom.
You feel sick.
You remove your ring of teleportation.
You drop an uncursed ring of teleportation.
You open the door.
You feel sick.
Put on which piece of jewellery? (? for menu, Esc to quit)
Okay, then.
You hit the fire dragon but do no damage.
The fire dragon breathes flames at you. The blast of flame hits you!
* * * LOW HITPOINT WARNING * * *
Unknown command.
As you read the scroll labeled UCSEBYTACK, it crumbles to dust.
It is a scroll of amnesia.
You feel forgetful for a moment. The fire dragon breathes flames at you.
The blast of flame hits you!
You die...

.).# .#........# ...#
.........# ...#
#...(....# ...####
#........# ......#
#))......# ......#
###.)......# ...####
#...)#####.# ...# .
#..^##...### ...#
..####(.@#.###.## ...#
#.........D.#)+?## ...#
#....(.(.##.###.## ...#
#..####(.###...### ...#
#..# #..######## ...#
#..# #..# ######
...#####..# #..######
..........# #.........
..........####.........


You could see a fire dragon.

Vanquished Creatures
  Erolcha (D:9)
  2 two-headed ogres
  The ghost of CcS the Grappler, a novice TrTm of Wu Jian (D:8)
  A flayed ghost (D:8)
  A manticore (D:9)
  A guardian serpent (D:9)
  A hippogriff (D:9)
  Sigmund (D:3)
  6 wraiths
  5 yaks (D:9)
  3 fire bats (D:8)
  Duvessa (D:4)
  A water moccasin (D:10)
  3 sky beasts
  An orc warrior (D:8)
  5 ogres
  2 phantoms
  The ghost of CcS the Ruffian, an amateur CeTm (D:4)
  2 centaurs
  2 big kobolds (D:10)
  A crocodile (D:9)
  2 bullfrogs
  Dowan (D:4)
  3 scorpions
  A water moccasin skeleton (D:9)
  3 electric eels (D:10)
  2 howler monkeys (D:8)
  5 crimson imps
  4 hounds
  3 jellies
  A gnoll shaman (D:6)
  4 orc priests
  7 orc wizards
  3 centaur skeletons
  2 iguanas (D:6)
  9 worker ants
  A hound zombie (D:4)
  A worker ant zombie (D:8)
  32 gnolls
  6 adders
  2 shadow imps (D:8)
  An ooze (D:4)
  4 adder skeletons
  2 worms
  3 dart slugs
  7 leopard geckos
  34 orcs
  11 bats
  2 giant cockroaches
  6 goblins
  8 hobgoblins
  22 jackals
  11 kobolds
  2 quokkas
  A frilled lizard (D:5)
  A jackal skeleton (D:4)
  2 leopard gecko skeletons
  A quokka zombie (D:7)
  9 rats
  A plant (D:10)
262 creatures vanquished.

Notes
Turn   | Place    | Note
-------+----------+-------------------------------------------
     0 | D:1      | Gorglomux the Hill Orc Berserker began the quest for the Orb.
     0 | D:1      | Reached XP level 1. HP: 19/19 MP: 1/1
   181 | D:1      | Reached XP level 2. HP: 24/26 MP: 2/2
   284 | D:1      | Reached skill level 5 in Axes
   665 | D:2      | Reached XP level 3. HP: 31/31 MP: 3/3
   730 | D:2      | Reached ** piety under Trog
   849 | D:2      | Found a sparkling altar of Nemelex Xobeh.
   850 | D:2      | Found an opulent altar of Gozag.
  1006 | D:2      | Found a white marble altar of Elyvilon.
  1006 | D:2      | Found a glowing silver altar of Zin.
  1007 | D:2      | Found a glowing golden altar of the Shining One.
  1158 | D:2      | Reached skill level 6 in Axes
  1411 | D:3      | Found an ancient bone altar of Kikubaaqudgha.
  1411 | D:3      | Found a shattered altar of Ashenzari.
  1411 | D:3      | Found a hide-covered altar of Uskayaw.
  1411 | D:3      | Found a sacrificial altar of Ru.
  1808 | D:3      | Noticed Sigmund
  1825 | D:3      | Killed Sigmund
  1825 | D:3      | Reached skill level 8 in Axes
  1825 | D:3      | Reached XP level 4. HP: 5/39 MP: 4/4
  1825 | D:3      | Reached XP level 5. HP: 6/45 MP: 5/5
  1944 | D:3      | Reached XP level 6. HP: 51/51 MP: 6/6
  2188 | D:3      | Found an iron altar of Okawaru.
  2305 | D:4      | Reached skill level 9 in Axes
  2329 | D:4      | Noticed Duvessa
  2335 | D:4      | Noticed Dowan
  2337 | D:4      | Killed Duvessa
  2363 | D:4      | Noticed CcS's ghost (amateur CeTm)
  2371 | D:4      | Reached skill level 10 in Axes
  2371 | D:4      | Reached XP level 7. HP: 20/57 MP: 7/7
  2378 | D:4      | Killed Dowan
  2456 | D:4      | Killed CcS's ghost
  2486 | D:4      | Reached skill level 11 in Axes
  2589 | D:4      | Found a white marble altar of Elyvilon.
  2874 | D:4      | Reached *** piety under Trog
  2886 | D:4      | Reached XP level 8. HP: 49/64 MP: 8/8
  2938 | D:4      | Found a staircase to the Ecumenical Temple.
  3073 | D:4      | Reached skill level 12 in Axes
  3249 | D:5      | Entered Level 5 of the Dungeon
  3448 | D:5      | Found an ornate altar of the Wu Jian Council.
  4115 | D:6      | Found Sokhuh's Jewellery Emporium.
  4160 | D:6      | Reached skill level 13 in Axes
  4248 | D:6      | Found Juelum's Weapon Shoppe.
  4495 | D:6      | Reached **** piety under Trog
  4556 | D:6      | Found a radiant altar of Vehumet.
  4557 | D:6      | Found a burning altar of Makhleb.
  4683 | D:6      | Reached skill level 14 in Axes
  4854 | D:6      | Reached XP level 9. HP: 66/70 MP: 9/9
  5618 | D:7      | Reached skill level 15 in Axes
  5762 | D:7      | Found a hazy altar of Hepliaklqana.
  6329 | D:8      | Noticed CcS's ghost (novice TrTm)
  6345 | D:8      | HP: 1/105 [CcS's ghost (20)]
  6346 | D:8      | Killed CcS's ghost
  6346 | D:8      | Reached skill level 16 in Axes
  6415 | D:8      | Reached ***** piety under Trog
  6415 | D:8      | Received a gift from Trog
  6617 | D:8      | Reached XP level 10. HP: 81/81 MP: 10/10
  6681 | D:8      | Noticed a two-headed ogre
  6696 | D:8      | Killed a two-headed ogre
  6808 | D:8      | Found a radiant altar of Vehumet.
  6819 | D:8      | Found a sacrificial altar of Ru.
  6839 | D:8      | Found a runed door.
  6882 | D:8      | Found a burning altar of Makhleb.
  7058 | D:8      | Reached skill level 9 in Fighting
  7135 | D:8      | Found a radiant altar of Vehumet.
  7166 | D:8      | Found a deep blue altar of Sif Muna.
  7167 | D:8      | Received a gift from Trog
  7170 | D:8      | Got a warped battleaxe {god gift}
  7171 | D:8      | Identified the +4 battleaxe of Liberalism {god gift, freeze, Dex+4} (Trog gifted it to you on level 8 of the Dungeon)
  7182 | D:8      | Found a white marble altar of Elyvilon.
  7323 | D:8      | Noticed a flayed ghost
  7333 | D:8      | Killed a flayed ghost
  7416 | D:8      | Got a spiked scale mail
  7427 | D:8      | Identified the +6 scale mail of Noxkel {*Contam Str+3 Dex+8} (You found it on level 8 of the Dungeon)
  7805 | D:9      | Reached XP level 11. HP: 59/104 MP: 11/11
  7810 | D:9      | Reached skill level 12 in Fighting
  7812 | D:9      | Noticed Erolcha
  7932 | D:9      | Killed Erolcha
  8133 | D:9      | Found a shadowy altar of Dithmenos.
  8195 | D:9      | Found a stormy altar of Qazlal.
  8283 | D:9      | Noticed a manticore
  8285 | D:9      | Killed a manticore
  8478 | D:9      | Found a deep blue altar of Sif Muna.
  8732 | D:10     | Entered Level 10 of the Dungeon
  9095 | D:10     | Noticed a two-headed ogre
  9101 | D:10     | Killed a two-headed ogre
  9168 | D:10     | Noticed a fire dragon
  9217 | D:10     | Killed from afar by a fire dragon

Vault maps used:
D:1:      dpeg_arrival_rhombi, minmay_pentomino_r4
D:2:      good_gods_temple_1, grunt_temple_overflow_opulence
D:3:      chequers_temple_overflow_statue_of_worship, lemuel_statue_altar,
          uniq_sigmund
D:4:      minmay_temple_entry_crystal_x, elyvilon_altar_4, uniq_duvessa
D:5:      lemuel_doored_altar, first_bread, minmay_misc_feat_columns,
          supply_closet_lemuel, grunt_ministairs_15
D:6:      lemuel_castle_with_subvaults,
          grunt_temple_overflow_lords_of_destruction, serial_shops, shop, shop,
          grunt_ministairs_7
D:7:      nicolae_overflow_crystal_walls
D:8:      due_megacathedral
D:9:      kennysheep_mini, old_standard_altar,
          nicolae_dithmenos_through_a_glass_darkly,
          nrook_guardian_serpent_ordinary, uniq_erolcha
D:10:     hangedman_ranch, serial_bayou_ford_a, nicolae_sextant,
          kennysheep_just_a_vault

Skill      XL: |  1  2  3  4  5  6  7  8  9 10 11 |
---------------+----------------------------------+-----
Axes           | 5 8 10 11 14 16 | 16.5
Fighting       | 5 11 14 | 14.0
Armour         | |  2.1
Dodging        | |  1.5

Action                   |  1- 3 |  4- 6 |  7- 9 | 10-12 || total
-------------------------+-------+-------+-------+-------++-------
Melee: Hand axe          |    14 |    65 |    86 |       ||   165
       War axe           |       |       |   328 |    97 ||   425
       Battleaxe         |       |       |       |    98 ||    98
 Fire: Hunting sling     |   134 |       |     6 |       ||   140
Throw: Javelin           |       |       |       |     2 ||     2
Invok: Berserk           |     1 |     2 |     8 |     7 ||    18
       Burn Spellbooks   |       |     1 |     1 |     1 ||     3
       Trog's Hand       |       |     1 |       |     3 ||     4
  Use: Scroll            |       |       |    17 |     2 ||    19
  Eat: Bread ration      |     1 |       |       |       ||     1
       Chunk             |       |     2 |    23 |    15 ||    40
       Fruit             |       |       |       |     1 ||     1
Armor: Animal skin       |     1 |       |       |       ||     1
       Ring mail         |    17 |    22 |   100 |    25 ||   164
       Scale mail        |       |       |       |    20 ||    20
Dodge: Dodged            |    40 |    24 |   176 |    87 ||   327
